Maple Leafs vs Devils (R1)

Created - 20 avril 2015 at 19:01

Goals
1 2 3 OT1 T
Maple Leafs 2 0 0 1 3
Devils 1 1 0 0 2
Shots
1 2 3 OT1 T
Maple Leafs 10 8 14 4 36
Devils 5 15 10 0 30

1st period

1. Maple Leafs , Byron Bitz 3 (Alexander Frolov, Lubomir Visnovsky) at 5:29
2. Maple Leafs , Brendan Morrison 2 (Byron Bitz, Evgeni Malkin) at 9:28 (PP)
3. Devils , Mike Lundin 1 (Patrick Eaves) at 15:19

Penalties :
Vincent Lecavalier (NJD) for Goalie Interference (Minor) at 5:58, Michael Frolik (NJD) for Holding (Minor) at 8:52, Fabian Brunnstrom (Tor) for Cross-checking (Minor) at 11:45

2nd period

4. Devils , Ladislav Nagy 1 (Mike Lundin, Guillaume Latendresse) at 17:03 (SH)

Penalties :
Brendan Morrison (Tor) for Hooking (Minor) at 1:47, Fabian Brunnstrom (Tor) for Hooking (Minor) at 8:42, Radim Vrbata (NJD) for Hooking (Minor) at 11:38, Jason Arnott (NJD) for Hooking (Minor) at 16:46

3rd period

No Goal

Penalties :
Jason Arnott (NJD) for Cross-checking (Minor) at 1:47, Evgeni Malkin (Tor) for Tripping (Minor) at 4:41, Vincent Lecavalier (NJD) for Roughing (Minor) at 8:54, Rob Schremp (Tor) for Holding (Minor) at 16:12

Overtime #1

5. Maple Leafs , Blake Comeau 2 (Rob Schremp, Lubomir Visnovsky) at 1:22

Penalties :
No Penalty

Goalie Stats

Marc-André Fleury (Tor), 28 saves from 30 shots - (0,933), W, 4-1-0, 61:22 minutes
Viktor Fasth (NJD), 33 saves from 36 shots - (0,917), OTL, 1-2-1, 61:22 minutes

Players Stats for Maple Leafs

Player Name              G  A  P  +/- PIM S  H  SB GA TA FO     MP     PP MP  PK MP  
------------------------------------------------------------------------------------
Alexander Frolov         0  1  1   0  0   0  0  1  1  0  0/2    21:56   5:57   4:05 
Blake Comeau             1  0  1   0  0   3  0  1  0  0  0/0    10:32   0:00   0:19 
Braydon Coburn           0  0  0   0  0   0  2  3  0  2  0/0    22:46   3:59   4:11 
Brendan Morrison         1  0  1   0  2   7  1  1  0  1  6/16   24:20   4:34   3:23 
Byron Bitz               1  1  2   1  0   5  1  0  2  0  0/0    15:30   4:34   0:00 
Claude Giroux            0  0  0  -1  0   6  0  2  1  0  5/13   24:07   5:57   5:54 
Cody Franson             0  0  0   0  0   0  0  0  0  0  0/0     5:45   0:00   0:57 
Colby Armstrong          0  0  0   1  0   1  1  0  0  0  1/1     7:23   0:00   0:00 
Dion Phaneuf             0  0  0   0  0   1  2  3  1  0  0/0    31:50   7:00   5:47 
Evgeni Malkin            0  1  1  -1  2   6  2  1  0  1  18/35  23:03   5:57   4:15 
Fabian Brunnstrom        0  0  0   0  4   3  3  1  0  0  0/0    19:44   4:34   1:36 
Justin Abdelkader        0  0  0   0  0   1  1  0  0  0  0/0     9:57   0:00   0:04 
Lubomir Visnovsky        0  2  2   0  0   2  1  3  0  0  0/0    22:16   3:31   4:09 
Matt Pettinger           0  0  0   0  0   0  0  0  0  0  0/1     7:04   0:00   0:00 
Noah Welch               0  0  0   1  0   0  1  0  0  0  0/0    14:56   0:00   4:41 
Rob Schremp              0  1  1   0  2   1  2  0  0  0  2/5    10:30   0:00   0:14 
Taylor Chorney           0  0  0  -1  0   0  3  1  0  1  0/0    19:50   5:10   0:00 
Tobias Enstrom           0  0  0   0  0   0  0  1  0  0  0/0     5:21   1:22   0:05 

Players Stats for Devils

Player Name              G  A  P  +/- PIM S  H  SB GA TA FO     MP     PP MP  PK MP  
------------------------------------------------------------------------------------
Ben Lovejoy              0  0  0   0  0   2  1  0  0  0  0/0    13:12   0:00   0:00 
Brad Ference             0  0  0   1  0   2  1  0  0  1  0/0    18:43   0:00   6:46 
Chris Mcallister         0  0  0   1  0   1  1  0  0  0  1/4    10:26   0:18   1:19 
Greg Stewart             0  0  0   1  0   0  0  0  0  0  0/0     7:53   0:00   0:00 
Guillaume Latendresse    0  1  1   0  0   6  2  2  1  0  0/2    25:13   4:49   6:59 
Jason Arnott             0  0  0  -1  4   2  1  0  0  0  17/29  17:26   0:18   4:08 
Jay Bouwmeester          0  0  0  -1  0   0  1  2  1  1  0/0    25:21   5:14   3:45 
Ladislav Nagy            1  0  1   1  0   2  3  2  0  0  4/6    11:52   0:00   3:57 
Matt Smaby               0  0  0   0  0   0  1  2  1  1  0/0    17:26   5:14   0:00 
Maxim Afinogenov         0  0  0  -1  0   0  0  0  0  0  0/0    15:26   4:48   0:00 
Michael Frolik           0  0  0   0  2   2  0  0  0  1  0/0    13:09   4:49   0:00 
Mike Komisarek           0  0  0  -1  0   0  0  4  1  0  0/0    22:41   4:41   3:45 
Mike Lundin              1  1  2   1  0   1  0  3  0  1  0/0    25:21   4:41   6:46 
Patrick Eaves            0  1  1   1  0   2  0  0  0  0  0/0     8:34   0:18   0:00 
Radim Vrbata             0  0  0  -1  2   3  0  0  1  0  2/2    13:08   0:00   0:00 
Stephen Weiss            0  0  0   0  0   4  2  0  0  0  6/10   15:17   4:49   1:26 
Vincent Lecavalier       0  0  0  -1  4   3  2  1  0  0  11/20  16:55   4:48   1:00 
Zach Parise              0  0  0  -1  0   0  4  0  0  0  0/0    18:10   4:48   2:13 

3 Stars

1 - Mike Lundin (NJD)
2 - Byron Bitz (Tor)
3 - Ladislav Nagy (NJD)

Power Play

Maple Leafs - 1 on 6 Attempt(s) - 16,67%
Devils - 0 on 5 Attempt(s) - 0,00%

Penalty Kill

Maple Leafs - 5 on 5 Attempt(s) - 100,00% - Score 0 goal in Penalty Kill
Devils - 5 on 6 Attempt(s) - 83,33% - Score 1 goal in Penalty Kill

Team Stat

Maple Leafs - Hits : 20 - Faceoff Wins : 32 - Blocked Shots : 18 - Penalty Minutes : 10
Devils - Hits : 19 - Faceoff Wins : 41 - Blocked Shots : 16 - Penalty Minutes : 12

Official

Referees : Kozari Steve and Kowal Tom
Linesman : Lonnie Cameron and Scott Cherrey

Game Notes

Tobias Enstrom is injured at 11:50 of 1st period (Abdominal Strain)

Finance

Level 1 -- Attendance: 6000 (100,00%) -- Ticket Income 510 000 $
Level 2 -- Attendance: 5000 (100,00%) -- Ticket Income 260 000 $
Level 3 -- Attendance: 2000 (100,00%) -- Ticket Income 56 000 $
Level 4 -- Attendance: 4000 (100,00%) -- Ticket Income 80 000 $
Luxury Box -- Attendance: 1000 (100,00%) -- Ticket Income 170 000 $
Game was played at the The prudential Center'
Total Attendance: 18000 (100,00%)
Total Ticket Income: 1 076 000 $
Other Income: 161 400 $
Total Income: 1 237 400 $

Maple Leafs

5 vs 5 Forward 
   Center                   Left Wing                Right Wing               Time % Phy DF OF 
 1 Evgeni Malkin            Fabian Brunnstrom        Claude Giroux            40     1   1  3  
 2 Brendan Morrison         Alexander Frolov         Byron Bitz               30     1   2  2  
 3 Brendan Morrison         Matt Pettinger           Colby Armstrong          20     1   2  2  
 4 Rob Schremp              Justin Abdelkader        Blake Comeau             10     1   2  2  

5 vs 5 Defense 
   Defense                  Defense                                           Time % Phy DF OF 
 1 Dion Phaneuf             Tobias Enstrom                                    40     1   2  2  
 2 Lubomir Visnovsky        Braydon Coburn                                    30     1   2  2  
 3 Taylor Chorney           Noah Welch                                        20     1   2  2  
 4 Dion Phaneuf             Cody Franson                                      10     1   2  2  

PowerPlay Forward 
   Center                   Left Wing                Right Wing               Time % Phy DF OF 
 1 Evgeni Malkin            Alexander Frolov         Claude Giroux            60     1   2  2  
 2 Brendan Morrison         Fabian Brunnstrom        Byron Bitz               40     1   2  2  

PowerPlay Defense
   Defense                  Defense                                           Time % Phy DF OF 
 1 Dion Phaneuf             Tobias Enstrom                                    60     1   2  2  
 2 Lubomir Visnovsky        Braydon Coburn                                    40     1   2  2  

Penalty Kill 4 Players Forward 
   Center                   Wing                     Time % Phy DF OF 
 1 Claude Giroux            Evgeni Malkin            60     1   2  2  
 2 Alexander Frolov         Brendan Morrison         40     1   2  2  

Penalty Kill 4 Players Defense
   Defense                  Defense                  Time % Phy DF OF 
 1 Dion Phaneuf             Tobias Enstrom           60     1   2  2  
 2 Lubomir Visnovsky        Braydon Coburn           40     1   2  2  

Penalty Kill - 3 Players Forward 
   Forward                                           Time % Phy DF OF 
 1 Claude Giroux                                     60     1   2  2  
 2 Evgeni Malkin                                     40     1   2  2  

Penalty Kill - 3 Players Defense
   Defense                  Defense                  Time % Phy DF OF 
 1 Dion Phaneuf             Tobias Enstrom           60     1   2  2  
 2 Lubomir Visnovsky        Braydon Coburn           40     1   2  2  

4 vs 4 Forward 
   Center                   Wing                     Time % Phy DF OF 
 1 Claude Giroux            Evgeni Malkin            60     1   2  2  
 2 Alexander Frolov         Brendan Morrison         40     1   2  2  

4 vs 4 Defense
   Defense                  Defense                  Time % Phy DF OF 
 1 Dion Phaneuf             Tobias Enstrom           60     1   2  2  
 2 Lubomir Visnovsky        Braydon Coburn           40     1   2  2  

Last Minutes Offensive
   Center                   Left Wing                Right Wing               Defense                  Defense                  
   Evgeni Malkin            Alexander Frolov         Claude Giroux            Dion Phaneuf             Tobias Enstrom           

Last Minutes Defensive
   Center                   Left Wing                Right Wing               Defense                  Defense                  
   Evgeni Malkin            Alexander Frolov         Claude Giroux            Dion Phaneuf             Tobias Enstrom           

Goaltenders
Starting : Marc-André Fleury        
Backup : Mike Smith               

Extra Forwards
Normal : Colby Armstrong, Matt Pettinger, Fabian Brunnstrom - PP : Colby Armstrong, Matt Pettinger - PK : Brendan Morrison
Extra Defensemen
Normal : Taylor Chorney, Noah Welch, Lubomir Visnovsky - PP : Taylor Chorney - PK : Noah Welch, Lubomir Visnovsky
Penalty Shots
Claude Giroux, Evgeni Malkin, Alexander Frolov, Brendan Morrison, Byron Bitz

Devils

5 vs 5 Forward 
   Center                   Left Wing                Right Wing               Time % Phy DF OF 
 1 Jason Arnott             Guillaume Latendresse    Radim Vrbata             40     1   3  1  
 2 Vincent Lecavalier       Zach Parise              Maxim Afinogenov         30     0   2  3  
 3 Stephen Weiss            Ladislav Nagy            Michael Frolik           20     1   2  2  
 4 Chris Mcallister         Greg Stewart             Patrick Eaves            10     1   2  2  

5 vs 5 Defense 
   Defense                  Defense                                           Time % Phy DF OF 
 1 Jay Bouwmeester          Mike Komisarek                                    40     1   2  2  
 2 Ben Lovejoy              Mike Lundin                                       30     1   2  2  
 3 Matt Smaby               Brad Ference                                      20     1   2  2  
 4 Jay Bouwmeester          Mike Komisarek                                    10     1   2  2  

PowerPlay Forward 
   Center                   Left Wing                Right Wing               Time % Phy DF OF 
 1 Vincent Lecavalier       Zach Parise              Maxim Afinogenov         60     1   2  2  
 2 Stephen Weiss            Guillaume Latendresse    Michael Frolik           40     1   2  2  

PowerPlay Defense
   Defense                  Defense                                           Time % Phy DF OF 
 1 Jay Bouwmeester          Matt Smaby                                        60     1   2  2  
 2 Mike Komisarek           Mike Lundin                                       40     1   2  2  

Penalty Kill 4 Players Forward 
   Center                   Wing                     Time % Phy DF OF 
 1 Jason Arnott             Guillaume Latendresse    60     0   2  3  
 2 Vincent Lecavalier       Zach Parise              40     0   2  3  

Penalty Kill 4 Players Defense
   Defense                  Defense                  Time % Phy DF OF 
 1 Brad Ference             Mike Lundin              60     1   2  2  
 2 Jay Bouwmeester          Mike Komisarek           40     1   2  2  

Penalty Kill - 3 Players Forward 
   Forward                                           Time % Phy DF OF 
 1 Jason Arnott                                      60     1   2  2  
 2 Zach Parise                                       40     1   2  2  

Penalty Kill - 3 Players Defense
   Defense                  Defense                  Time % Phy DF OF 
 1 Jay Bouwmeester          Mike Komisarek           60     1   2  2  
 2 Ben Lovejoy              Mike Lundin              40     1   2  2  

4 vs 4 Forward 
   Center                   Wing                     Time % Phy DF OF 
 1 Vincent Lecavalier       Zach Parise              60     1   2  2  
 2 Stephen Weiss            Maxim Afinogenov         40     1   2  2  

4 vs 4 Defense
   Defense                  Defense                  Time % Phy DF OF 
 1 Jay Bouwmeester          Mike Komisarek           60     1   2  2  
 2 Ben Lovejoy              Mike Lundin              40     1   2  2  

Last Minutes Offensive
   Center                   Left Wing                Right Wing               Defense                  Defense                  
   Vincent Lecavalier       Zach Parise              Maxim Afinogenov         Jay Bouwmeester          Mike Komisarek           

Last Minutes Defensive
   Center                   Left Wing                Right Wing               Defense                  Defense                  
   Vincent Lecavalier       Zach Parise              Maxim Afinogenov         Jay Bouwmeester          Mike Komisarek           

Goaltenders
Starting : Viktor Fasth             
Backup : Dan Ellis                

Extra Forwards
Normal : Stephen Weiss, Jason Arnott, Ladislav Nagy - PP : Stephen Weiss, Jason Arnott - PK : Ladislav Nagy
Extra Defensemen
Normal : Matt Smaby, Brad Ference, Ben Lovejoy - PP : Matt Smaby - PK : Brad Ference, Ben Lovejoy
Penalty Shots
Vincent Lecavalier, Zach Parise, Radim Vrbata, Maxim Afinogenov, Stephen Weiss

% Time on Ice - Maple Leafs

Lines # - Real PCT - Wanted PCT - Time Play
Normal Forward
1 - 33% - 40% - 13:23
2 - 28% - 30% - 11:30
3 - 15% - 20% - 6:10
4 - 24% - 10% - 9:53
Normal Defense
1 - 47% - 40% - 19:12
2 - 31% - 30% - 12:51
3 - 17% - 20% - 7:04
4 - 4% - 10% - 1:49
PP Forward
1 - 57% - 60% - 5:57
2 - 43% - 40% - 4:34
PP Defense
1 - 67% - 60% - 7:00
2 - 33% - 40% - 3:31
PK Forward
1 - 81% - 60% - 8:01
2 - 19% - 40% - 1:54
PK Defense
1 - 65% - 60% - 6:24
2 - 35% - 40% - 3:31
PK3 Forward
1 - 0% - 60%
2 - 0% - 40%
PK3 Defense
1 - 0% - 60%
2 - 0% - 40%
44 Forward
1 - 0% - 60%
2 - 0% - 40%
44 Defense
1 - 0% - 60%
2 - 0% - 40%
Last Minute Offensive  - 0:00
Last Minute Defensive  - 0:00
Total
Forward - 61:22
Defense - 61:22

% Time on Ice - Devils

Lines # - Real PCT - Wanted PCT - Time Play
Normal Forward
1 - 33% - 40% - 13:38
2 - 31% - 30% - 12:35
3 - 17% - 20% - 6:50
4 - 19% - 10% - 7:53
Normal Defense
1 - 43% - 40% - 17:25
2 - 33% - 30% - 13:41
3 - 22% - 20% - 8:53
4 - 2% - 10% - 0:57
PP Forward
1 - 51% - 60% - 5:06
2 - 49% - 40% - 4:49
PP Defense
1 - 53% - 60% - 5:14
2 - 47% - 40% - 4:41
PK Forward
1 - 79% - 60% - 8:18
2 - 21% - 40% - 2:13
PK Defense
1 - 64% - 60% - 6:46
2 - 36% - 40% - 3:45
PK3 Forward
1 - 0% - 60%
2 - 0% - 40%
PK3 Defense
1 - 0% - 60%
2 - 0% - 40%
44 Forward
1 - 0% - 60%
2 - 0% - 40%
44 Defense
1 - 0% - 60%
2 - 0% - 40%
Last Minute Offensive  - 0:00
Last Minute Defensive  - 0:00
Total
Forward - 61:22
Defense - 61:22

Play by Play

1st period


0:01 of 1st period - Evgeni Malkin wins face-off versus Jason Arnott in neutral zone.
0:20 of 1st period - Mike Komisarek is hit by Fabian Brunnstrom and loses puck.
0:35 of 1st period - Wrist shot by Claude Giroux.
0:35 of 1st period - Stopped by Viktor Fasth with a rebound.
0:43 of 1st period - Wrist shot by Evgeni Malkin.
0:43 of 1st period - Stopped by Viktor Fasth with a rebound.
0:45 of 1st period - Wrist shot by Evgeni Malkin.
0:45 of 1st period - Stopped by Viktor Fasth with a rebound.
0:47 of 1st period - Wrist shot by Claude Giroux.
0:47 of 1st period - Stopped by Viktor Fasth without a rebound.
0:48 of 1st period - Brendan Morrison wins face-off versus Vincent Lecavalier in Devils zone.
0:57 of 1st period - Wrist shot by Byron Bitz.
0:57 of 1st period - Shot Misses the Net.
1:35 of 1st period - Slapshot by Brad Ference.
1:35 of 1st period - Shot Misses the Net.
2:41 of 1st period - Snap shot by Vincent Lecavalier.
2:41 of 1st period - Shot Misses the Net.
2:43 of 1st period - Wrist shot by Maxim Afinogenov.
2:43 of 1st period - Shot Misses the Net.
2:45 of 1st period - Slapshot by Matt Smaby.
2:45 of 1st period - Deflect By Vincent Lecavalier.
2:45 of 1st period - Shot Misses the Net.
2:45 of 1st period - Puck is out of play.
2:46 of 1st period - Vincent Lecavalier wins face-off versus Rob Schremp in Maple Leafs zone.
2:57 of 1st period - Slapshot by Rob Schremp.
2:57 of 1st period - Shot Misses the Net.
2:59 of 1st period - Backhand shot by Dion Phaneuf.
2:59 of 1st period - Shot Misses the Net.
4:23 of 1st period - Noah Welch is hit by Zach Parise and loses puck.
5:21 of 1st period - Icing by Jay Bouwmeester.
5:22 of 1st period - Colby Armstrong wins face-off versus Jason Arnott in Devils zone.
5:23 of 1st period - Wrist shot by Byron Bitz.
5:23 of 1st period - Shot Misses the Net.
5:25 of 1st period - Slapshot by Lubomir Visnovsky.
5:25 of 1st period - Shot Blocked by Jay Bouwmeester.
5:27 of 1st period - Wrist shot by Alexander Frolov.
5:27 of 1st period - Shot Blocked by Mike Komisarek.
5:29 of 1st period - Wrist shot by Byron Bitz.
5:29 of 1st period - Goal by Byron Bitz - Maple Leafs : 1 - Devils : 0.
5:30 of 1st period - Jason Arnott wins face-off versus Brendan Morrison in neutral zone.
5:33 of 1st period - Snap shot by Radim Vrbata.
5:33 of 1st period - Shot Misses the Net.
5:35 of 1st period - Wrist shot by Mike Lundin.
5:35 of 1st period - Shot Blocked by Braydon Coburn.
5:58 of 1st period - Minor Penalty to Vincent Lecavalier for Goalie Interference.
5:59 of 1st period - Jason Arnott wins face-off versus Evgeni Malkin in Devils zone.
6:14 of 1st period - Backhand shot by Claude Giroux.
6:14 of 1st period - Stopped by Viktor Fasth without a rebound.
6:15 of 1st period - Jason Arnott wins face-off versus Evgeni Malkin in Devils zone.
7:14 of 1st period - Claude Giroux is hit by Ladislav Nagy and loses puck.
7:58 of 1st period - Penalty to Vincent Lecavalier is over, Vincent Lecavalier is back on ice.
8:11 of 1st period - Brad Ference is hit by Dion Phaneuf and loses puck.
8:32 of 1st period - Wrist shot by Dion Phaneuf.
8:32 of 1st period - Deflect By Blake Comeau.
8:32 of 1st period - Shot Blocked by Mike Lundin.
8:32 of 1st period - Puck is out of play.
8:33 of 1st period - Stephen Weiss wins face-off versus Brendan Morrison in Devils zone.
8:33 of 1st period - Stephen Weiss is hit by Lubomir Visnovsky.
8:52 of 1st period - Minor Penalty to Michael Frolik for Holding.
8:53 of 1st period - Evgeni Malkin wins face-off versus Guillaume Latendresse in Devils zone.
9:28 of 1st period - Snap shot by Brendan Morrison.
9:28 of 1st period - Goal by Brendan Morrison - Maple Leafs : 2 - Devils : 0.
9:29 of 1st period - Evgeni Malkin wins face-off versus Guillaume Latendresse in neutral zone.
10:14 of 1st period - Slapshot by Greg Stewart.
10:14 of 1st period - Shot Blocked by Brendan Morrison.
10:16 of 1st period - Wrist shot by Chris Mcallister.
10:16 of 1st period - Stopped by Marc-André Fleury with a rebound.
10:18 of 1st period - Snap shot by Chris Mcallister.
10:18 of 1st period - Shot Misses the Net.
10:36 of 1st period - Snap shot by Brendan Morrison.
10:36 of 1st period - Stopped by Viktor Fasth with a rebound.
11:09 of 1st period - Brad Ference is hit by Brendan Morrison and loses puck.
11:27 of 1st period - Icing by Brad Ference.
11:28 of 1st period - Evgeni Malkin wins face-off versus Chris Mcallister in Devils zone.
11:45 of 1st period - Minor Penalty to Fabian Brunnstrom for Cross-checking.
11:46 of 1st period - Vincent Lecavalier wins face-off versus Claude Giroux in Maple Leafs zone.
11:46 of 1st period - Snap shot by Maxim Afinogenov.
11:46 of 1st period - Shot Misses the Net.
11:48 of 1st period - Slapshot by Mike Lundin.
11:48 of 1st period - Shot Blocked by Claude Giroux.
11:50 of 1st period - Slapshot by Mike Komisarek.
11:50 of 1st period - Shot Blocked by Tobias Enstrom.
11:50 of 1st period - Tobias Enstrom from Maple Leafs is injured at 11:50 of 1st period (Abdominal Strain).
11:51 of 1st period - Claude Giroux wins face-off versus Vincent Lecavalier in Maple Leafs zone.
12:26 of 1st period - Wrist shot by Michael Frolik.
12:26 of 1st period - Shot Blocked by Claude Giroux.
12:28 of 1st period - Snap shot by Guillaume Latendresse.
12:28 of 1st period - Shot Misses the Net.
13:45 of 1st period - Penalty to Fabian Brunnstrom is over, Fabian Brunnstrom is back on ice.
13:47 of 1st period - Dion Phaneuf is hit by Stephen Weiss and loses puck.
14:40 of 1st period - Snap shot by Guillaume Latendresse.
14:40 of 1st period - Stopped by Marc-André Fleury without a rebound.
14:41 of 1st period - Rob Schremp wins face-off versus Vincent Lecavalier in Maple Leafs zone.
14:43 of 1st period - Icing by Braydon Coburn.
14:44 of 1st period - Vincent Lecavalier wins face-off versus Rob Schremp in Maple Leafs zone.
14:53 of 1st period - Slapshot by Zach Parise.
14:53 of 1st period - Shot Misses the Net.
15:19 of 1st period - Slapshot by Mike Lundin.
15:19 of 1st period - Deflect By Justin Abdelkader.
15:19 of 1st period - Goal by Mike Lundin - Maple Leafs : 2 - Devils : 1.
15:20 of 1st period - Evgeni Malkin wins face-off versus Vincent Lecavalier in neutral zone.
16:29 of 1st period - Snap shot by Brendan Morrison.
16:29 of 1st period - Shot Blocked by Guillaume Latendresse.
16:59 of 1st period - Wrist shot by Stephen Weiss.
16:59 of 1st period - Stopped by Marc-André Fleury without a rebound.
17:00 of 1st period - Stephen Weiss wins face-off versus Evgeni Malkin in Maple Leafs zone.
17:03 of 1st period - Slapshot by Stephen Weiss.
17:03 of 1st period - Stopped by Marc-André Fleury without a rebound.
17:04 of 1st period - Evgeni Malkin wins face-off versus Jason Arnott in Maple Leafs zone.
17:51 of 1st period - Snap shot by Justin Abdelkader.
17:51 of 1st period - Stopped by Viktor Fasth with a rebound.
17:53 of 1st period - Slapshot by Dion Phaneuf.
17:53 of 1st period - Shot Blocked by Vincent Lecavalier.
17:55 of 1st period - Slapshot by Lubomir Visnovsky.
17:55 of 1st period - Deflect By Vincent Lecavalier.
17:55 of 1st period - Stopped by Viktor Fasth without a rebound.
17:56 of 1st period - Vincent Lecavalier wins face-off versus Rob Schremp in Devils zone.
17:56 of 1st period - Vincent Lecavalier is hit by Rob Schremp.
18:27 of 1st period - Slapshot by Alexander Frolov.
18:27 of 1st period - Shot Misses the Net.
18:29 of 1st period - Slapshot by Dion Phaneuf.
18:29 of 1st period - Shot Blocked by Jay Bouwmeester.
18:31 of 1st period - Snap shot by Taylor Chorney.
18:31 of 1st period - Deflect By Brendan Morrison.
18:31 of 1st period - Shot Misses the Net.
18:31 of 1st period - Puck is out of play.
18:32 of 1st period - Jason Arnott wins face-off versus Claude Giroux in Devils zone.
18:49 of 1st period - Snap shot by Evgeni Malkin.
18:49 of 1st period - Shot Misses the Net.
18:59 of 1st period - Alexander Frolov is hit by Ladislav Nagy and loses puck.
19:43 of 1st period - Wrist shot by Rob Schremp.
19:43 of 1st period - Shot Misses the Net.
Goals for this period are 2 for Maple Leafs vs 1 for Devils.
Shots for this period are 10 for Maple Leafs vs 5 for Devils.

2nd period


0:01 of 2nd period - Evgeni Malkin wins face-off versus Jason Arnott in neutral zone.
0:26 of 2nd period - Dion Phaneuf is hit by Stephen Weiss and loses puck.
0:33 of 2nd period - Snap shot by Michael Frolik.
0:33 of 2nd period - Stopped by Marc-André Fleury with a rebound.
1:11 of 2nd period - Snap shot by Claude Giroux.
1:11 of 2nd period - Shot Blocked by Matt Smaby.
1:13 of 2nd period - Backhand shot by Lubomir Visnovsky.
1:13 of 2nd period - Shot Misses the Net.
1:47 of 2nd period - Minor Penalty to Brendan Morrison for Hooking.
1:48 of 2nd period - Claude Giroux wins face-off versus Vincent Lecavalier in Maple Leafs zone.
1:57 of 2nd period - Slapshot by Zach Parise.
1:57 of 2nd period - Shot Misses the Net.
2:03 of 2nd period - Slapshot by Vincent Lecavalier.
2:03 of 2nd period - Shot Misses the Net.
3:47 of 2nd period - Penalty to Brendan Morrison is over, Brendan Morrison is back on ice.
4:51 of 2nd period - Slapshot by Ben Lovejoy.
4:51 of 2nd period - Stopped by Marc-André Fleury with a rebound.
5:23 of 2nd period - Vincent Lecavalier is hit by Fabian Brunnstrom and loses puck.
6:03 of 2nd period - Matt Pettinger is hit by Ben Lovejoy and loses puck.
7:17 of 2nd period - Taylor Chorney is hit by Brad Ference and loses puck.
7:29 of 2nd period - Icing by Rob Schremp.
7:30 of 2nd period - Stephen Weiss wins face-off versus Brendan Morrison in Maple Leafs zone.
7:39 of 2nd period - Slapshot by Stephen Weiss.
7:39 of 2nd period - Shot Misses the Net.
7:41 of 2nd period - Slapshot by Ben Lovejoy.
7:41 of 2nd period - Stopped by Marc-André Fleury without a rebound.
7:42 of 2nd period - Radim Vrbata wins face-off versus Evgeni Malkin in Maple Leafs zone.
7:49 of 2nd period - Slapshot by Radim Vrbata.
7:49 of 2nd period - Shot Misses the Net.
7:51 of 2nd period - Slapshot by Jay Bouwmeester.
7:51 of 2nd period - Deflect By Guillaume Latendresse.
7:51 of 2nd period - Shot Blocked by Fabian Brunnstrom.
7:51 of 2nd period - Puck is out of play.
7:52 of 2nd period - Jason Arnott wins face-off versus Evgeni Malkin in Maple Leafs zone.
8:05 of 2nd period - Snap shot by Radim Vrbata.
8:05 of 2nd period - Stopped by Marc-André Fleury with a rebound.
8:21 of 2nd period - Snap shot by Radim Vrbata.
8:21 of 2nd period - Stopped by Marc-André Fleury without a rebound.
8:22 of 2nd period - Vincent Lecavalier wins face-off versus Brendan Morrison in Maple Leafs zone.
8:31 of 2nd period - Snap shot by Maxim Afinogenov.
8:31 of 2nd period - Shot Misses the Net.
8:33 of 2nd period - Wrist shot by Mike Lundin.
8:33 of 2nd period - Shot Misses the Net.
8:35 of 2nd period - Slapshot by Mike Lundin.
8:35 of 2nd period - Shot Blocked by Alexander Frolov.
8:37 of 2nd period - Backhand shot by Mike Lundin.
8:37 of 2nd period - Deflect By Vincent Lecavalier.
8:37 of 2nd period - Shot Blocked by Lubomir Visnovsky.
8:37 of 2nd period - Puck is out of play.
8:38 of 2nd period - Radim Vrbata wins face-off versus Evgeni Malkin in Maple Leafs zone.
8:39 of 2nd period - Slapshot by Guillaume Latendresse.
8:39 of 2nd period - Stopped by Marc-André Fleury without a rebound.
8:40 of 2nd period - Jason Arnott wins face-off versus Evgeni Malkin in Maple Leafs zone.
8:42 of 2nd period - Minor Penalty to Fabian Brunnstrom for Hooking.
8:43 of 2nd period - Claude Giroux wins face-off versus Vincent Lecavalier in Maple Leafs zone.
8:43 of 2nd period - Claude Giroux is hit by Zach Parise.
8:48 of 2nd period - Vincent Lecavalier is hit by Dion Phaneuf and loses puck.
8:59 of 2nd period - Snap shot by Vincent Lecavalier.
8:59 of 2nd period - Deflect By Evgeni Malkin.
8:59 of 2nd period - Shot Misses the Net.
8:59 of 2nd period - Puck is out of play.
9:00 of 2nd period - Vincent Lecavalier wins face-off versus Claude Giroux in Maple Leafs zone.
9:01 of 2nd period - Slapshot by Zach Parise.
9:01 of 2nd period - Deflect By Vincent Lecavalier.
9:01 of 2nd period - Shot Misses the Net.
9:01 of 2nd period - Puck is out of play.
9:02 of 2nd period - Evgeni Malkin wins face-off versus Vincent Lecavalier in Maple Leafs zone.
9:11 of 2nd period - Wrist shot by Matt Smaby.
9:11 of 2nd period - Shot Misses the Net.
9:15 of 2nd period - Slapshot by Zach Parise.
9:15 of 2nd period - Shot Misses the Net.
9:33 of 2nd period - Slapshot by Stephen Weiss.
9:33 of 2nd period - Shot Misses the Net.
9:35 of 2nd period - Snap shot by Stephen Weiss.
9:35 of 2nd period - Stopped by Marc-André Fleury with a rebound.
9:37 of 2nd period - Snap shot by Stephen Weiss.
9:37 of 2nd period - Stopped by Marc-André Fleury without a rebound.
9:38 of 2nd period - Claude Giroux wins face-off versus Vincent Lecavalier in Maple Leafs zone.
10:42 of 2nd period - Penalty to Fabian Brunnstrom is over, Fabian Brunnstrom is back on ice.
10:43 of 2nd period - Icing by Matt Smaby.
10:44 of 2nd period - Brendan Morrison wins face-off versus Stephen Weiss in Devils zone.
10:51 of 2nd period - Stephen Weiss is hit by Taylor Chorney and loses puck.
11:08 of 2nd period - Wrist shot by Matt Pettinger.
11:08 of 2nd period - Shot Blocked by Matt Smaby.
11:16 of 2nd period - Snap shot by Guillaume Latendresse.
11:16 of 2nd period - Stopped by Marc-André Fleury without a rebound.
11:17 of 2nd period - Evgeni Malkin wins face-off versus Vincent Lecavalier in Maple Leafs zone.
11:19 of 2nd period - Claude Giroux is hit by Zach Parise and loses puck.
11:28 of 2nd period - Snap shot by Evgeni Malkin.
11:28 of 2nd period - Shot Misses the Net.
11:30 of 2nd period - Slapshot by Braydon Coburn.
11:30 of 2nd period - Shot Misses the Net.
11:32 of 2nd period - Snap shot by Evgeni Malkin.
11:32 of 2nd period - Shot Blocked by Mike Lundin.
11:34 of 2nd period - Snap shot by Evgeni Malkin.
11:34 of 2nd period - Stopped by Viktor Fasth without a rebound.
11:35 of 2nd period - Jason Arnott wins face-off versus Brendan Morrison in Devils zone.
11:35 of 2nd period - Jason Arnott is hit by Byron Bitz.
11:38 of 2nd period - Minor Penalty to Radim Vrbata for Hooking.
11:39 of 2nd period - Evgeni Malkin wins face-off versus Jason Arnott in Devils zone.
11:47 of 2nd period - Snap shot by Claude Giroux.
11:47 of 2nd period - Shot Blocked by Guillaume Latendresse.
12:07 of 2nd period - Wrist shot by Fabian Brunnstrom.
12:07 of 2nd period - Shot Blocked by Mike Lundin.
12:09 of 2nd period - Backhand shot by Fabian Brunnstrom.
12:09 of 2nd period - Deflect By Byron Bitz.
12:09 of 2nd period - Stopped by Viktor Fasth with a rebound.
12:11 of 2nd period - Slapshot by Lubomir Visnovsky.
12:11 of 2nd period - Shot Misses the Net.
12:13 of 2nd period - Snap shot by Fabian Brunnstrom.
12:13 of 2nd period - Stopped by Viktor Fasth with a rebound.
12:51 of 2nd period - Taylor Chorney is hit by Vincent Lecavalier and loses puck.
12:56 of 2nd period - Snap shot by Zach Parise.
12:56 of 2nd period - Shot Misses the Net.
13:22 of 2nd period - Brad Ference is hit by Braydon Coburn and loses puck.
13:38 of 2nd period - Penalty to Radim Vrbata is over, Radim Vrbata is back on ice.
13:54 of 2nd period - Snap shot by Radim Vrbata.
13:54 of 2nd period - Stopped by Marc-André Fleury with a rebound.
13:56 of 2nd period - Wrist shot by Ladislav Nagy.
13:56 of 2nd period - Shot Misses the Net.
13:58 of 2nd period - Backhand shot by Brad Ference.
13:58 of 2nd period - Stopped by Marc-André Fleury with a rebound.
14:28 of 2nd period - Slapshot by Zach Parise.
14:28 of 2nd period - Shot Misses the Net.
14:42 of 2nd period - Snap shot by Michael Frolik.
14:42 of 2nd period - Shot Blocked by Braydon Coburn.
15:43 of 2nd period - Icing by Michael Frolik.
15:44 of 2nd period - Vincent Lecavalier wins face-off versus Alexander Frolov in Devils zone.
16:13 of 2nd period - Snap shot by Patrick Eaves.
16:13 of 2nd period - Stopped by Marc-André Fleury without a rebound.
16:14 of 2nd period - Evgeni Malkin wins face-off versus Chris Mcallister in Maple Leafs zone.
16:21 of 2nd period - Slapshot by Braydon Coburn.
16:21 of 2nd period - Shot Blocked by Mike Komisarek.
16:23 of 2nd period - Wrist shot by Fabian Brunnstrom.
16:23 of 2nd period - Shot Misses the Net.
16:25 of 2nd period - Snap shot by Claude Giroux.
16:25 of 2nd period - Stopped by Viktor Fasth without a rebound.
16:26 of 2nd period - Jason Arnott wins face-off versus Evgeni Malkin in Devils zone.
16:26 of 2nd period - Jason Arnott is hit by Evgeni Malkin.
16:35 of 2nd period - Off-side.
16:36 of 2nd period - Evgeni Malkin wins face-off versus Jason Arnott in neutral zone.
16:39 of 2nd period - Snap shot by Claude Giroux.
16:39 of 2nd period - Stopped by Viktor Fasth without a rebound.
16:40 of 2nd period - Jason Arnott wins face-off versus Evgeni Malkin in Devils zone.
16:46 of 2nd period - Minor Penalty to Jason Arnott for Hooking.
16:47 of 2nd period - Ladislav Nagy wins face-off versus Evgeni Malkin in Devils zone.
17:03 of 2nd period - Wrist shot by Ladislav Nagy.
17:03 of 2nd period - Goal by Ladislav Nagy - Maple Leafs : 2 - Devils : 2.
17:04 of 2nd period - Evgeni Malkin wins face-off versus Ladislav Nagy in neutral zone.
18:03 of 2nd period - Wrist shot by Brendan Morrison.
18:03 of 2nd period - Deflect By Fabian Brunnstrom.
18:03 of 2nd period - Shot Blocked by Mike Komisarek.
18:03 of 2nd period - Puck is out of play.
18:04 of 2nd period - Ladislav Nagy wins face-off versus Evgeni Malkin in Devils zone.
18:04 of 2nd period - Ladislav Nagy is hit by Evgeni Malkin.
18:09 of 2nd period - Off-side.
18:10 of 2nd period - Ladislav Nagy wins face-off versus Claude Giroux in neutral zone.
18:46 of 2nd period - Penalty to Jason Arnott is over, Jason Arnott is back on ice.
18:49 of 2nd period - Wrist shot by Zach Parise.
18:49 of 2nd period - Shot Blocked by Dion Phaneuf.
18:51 of 2nd period - Slapshot by Brad Ference.
18:51 of 2nd period - Shot Blocked by Evgeni Malkin.
18:53 of 2nd period - Snap shot by Jason Arnott.
18:53 of 2nd period - Shot Misses the Net.
18:55 of 2nd period - Wrist shot by Zach Parise.
18:55 of 2nd period - Shot Misses the Net.
19:05 of 2nd period - Slapshot by Vincent Lecavalier.
19:05 of 2nd period - Stopped by Marc-André Fleury with a rebound.
19:11 of 2nd period - Snap shot by Vincent Lecavalier.
19:11 of 2nd period - Stopped by Marc-André Fleury without a rebound.
19:12 of 2nd period - Chris Mcallister wins face-off versus Brendan Morrison in Maple Leafs zone.
19:13 of 2nd period - Slapshot by Greg Stewart.
19:13 of 2nd period - Shot Blocked by Lubomir Visnovsky.
19:18 of 2nd period - Off-side.
19:19 of 2nd period - Brendan Morrison wins face-off versus Chris Mcallister in neutral zone.
19:24 of 2nd period - Slapshot by Braydon Coburn.
19:24 of 2nd period - Shot Blocked by Mike Komisarek.
19:26 of 2nd period - Snap shot by Brendan Morrison.
19:26 of 2nd period - Stopped by Viktor Fasth with a rebound.
19:28 of 2nd period - Wrist shot by Colby Armstrong.
19:28 of 2nd period - Stopped by Viktor Fasth without a rebound.
19:29 of 2nd period - Jason Arnott wins face-off versus Evgeni Malkin in Devils zone.
19:44 of 2nd period - Snap shot by Evgeni Malkin.
19:44 of 2nd period - Stopped by Viktor Fasth without a rebound.
19:45 of 2nd period - Brendan Morrison wins face-off versus Stephen Weiss in Devils zone.
Goals for this period are 0 for Maple Leafs vs 1 for Devils.
Shots for this period are 8 for Maple Leafs vs 15 for Devils.

3rd period


0:01 of 3rd period - Jason Arnott wins face-off versus Evgeni Malkin in neutral zone.
0:04 of 3rd period - Slapshot by Jay Bouwmeester.
0:04 of 3rd period - Shot Blocked by Taylor Chorney.
0:10 of 3rd period - Wrist shot by Jason Arnott.
0:10 of 3rd period - Stopped by Marc-André Fleury with a rebound.
0:32 of 3rd period - Wrist shot by Brendan Morrison.
0:32 of 3rd period - Stopped by Viktor Fasth without a rebound.
0:33 of 3rd period - Jason Arnott wins face-off versus Brendan Morrison in Devils zone.
0:42 of 3rd period - Snap shot by Byron Bitz.
0:42 of 3rd period - Stopped by Viktor Fasth with a rebound.
0:58 of 3rd period - Evgeni Malkin is hit by Zach Parise and loses puck.
1:23 of 3rd period - Patrick Eaves is hit by Fabian Brunnstrom and loses puck.
1:38 of 3rd period - Slapshot by Claude Giroux.
1:38 of 3rd period - Shot Misses the Net.
1:40 of 3rd period - Snap shot by Claude Giroux.
1:40 of 3rd period - Shot Misses the Net.
1:42 of 3rd period - Snap shot by Evgeni Malkin.
1:42 of 3rd period - Deflect By Claude Giroux.
1:42 of 3rd period - Stopped by Viktor Fasth without a rebound.
1:43 of 3rd period - Brendan Morrison wins face-off versus Jason Arnott in Devils zone.
1:47 of 3rd period - Minor Penalty to Jason Arnott for Cross-checking.
1:48 of 3rd period - Ladislav Nagy wins face-off versus Alexander Frolov in Devils zone.
2:00 of 3rd period - Wrist shot by Guillaume Latendresse.
2:00 of 3rd period - Shot Blocked by Dion Phaneuf.
2:02 of 3rd period - Snap shot by Guillaume Latendresse.
2:02 of 3rd period - Stopped by Marc-André Fleury with a rebound.
2:18 of 3rd period - Slapshot by Byron Bitz.
2:18 of 3rd period - Stopped by Viktor Fasth with a rebound.
2:20 of 3rd period - Wrist shot by Brendan Morrison.
2:20 of 3rd period - Stopped by Viktor Fasth with a rebound.
2:22 of 3rd period - Wrist shot by Brendan Morrison.
2:22 of 3rd period - Stopped by Viktor Fasth without a rebound.
2:23 of 3rd period - Brendan Morrison wins face-off versus Ladislav Nagy in Devils zone.
2:24 of 3rd period - Slapshot by Fabian Brunnstrom.
2:24 of 3rd period - Stopped by Viktor Fasth with a rebound.
2:26 of 3rd period - Slapshot by Lubomir Visnovsky.
2:26 of 3rd period - Deflect By Byron Bitz.
2:26 of 3rd period - Stopped by Viktor Fasth with a rebound.
2:28 of 3rd period - Slapshot by Braydon Coburn.
2:28 of 3rd period - Shot Blocked by Ladislav Nagy.
2:30 of 3rd period - Snap shot by Brendan Morrison.
2:30 of 3rd period - Shot Hit the Post.
2:32 of 3rd period - Snap shot by Fabian Brunnstrom.
2:32 of 3rd period - Stopped by Viktor Fasth with a rebound.
3:47 of 3rd period - Penalty to Jason Arnott is over, Jason Arnott is back on ice.
3:56 of 3rd period - Mike Lundin is hit by Justin Abdelkader.
4:06 of 3rd period - Justin Abdelkader is hit by Vincent Lecavalier and loses puck.
4:17 of 3rd period - Guillaume Latendresse is hit by Colby Armstrong.
4:23 of 3rd period - Guillaume Latendresse is hit by Noah Welch and loses puck.
4:36 of 3rd period - Backhand shot by Greg Stewart.
4:36 of 3rd period - Shot Misses the Net.
4:38 of 3rd period - Wrist shot by Patrick Eaves.
4:38 of 3rd period - Stopped by Marc-André Fleury without a rebound.
4:39 of 3rd period - Evgeni Malkin wins face-off versus Stephen Weiss in Maple Leafs zone.
4:41 of 3rd period - Minor Penalty to Evgeni Malkin for Tripping.
4:42 of 3rd period - Vincent Lecavalier wins face-off versus Claude Giroux in Maple Leafs zone.
5:27 of 3rd period - Alexander Frolov is hit by Matt Smaby and loses puck.
5:38 of 3rd period - Snap shot by Michael Frolik.
5:38 of 3rd period - Stopped by Marc-André Fleury with a rebound.
5:40 of 3rd period - Slapshot by Jay Bouwmeester.
5:40 of 3rd period - Shot Misses the Net.
5:42 of 3rd period - Wrist shot by Guillaume Latendresse.
5:42 of 3rd period - Shot Misses the Net.
5:46 of 3rd period - Wrist shot by Michael Frolik.
5:46 of 3rd period - Deflect By Guillaume Latendresse.
5:46 of 3rd period - Shot Misses the Net.
5:46 of 3rd period - Puck is out of play.
5:47 of 3rd period - Vincent Lecavalier wins face-off versus Claude Giroux in Maple Leafs zone.
5:54 of 3rd period - Snap shot by Vincent Lecavalier.
5:54 of 3rd period - Stopped by Marc-André Fleury without a rebound.
5:55 of 3rd period - Vincent Lecavalier wins face-off versus Claude Giroux in Maple Leafs zone.
6:19 of 3rd period - Icing by Mike Komisarek.
6:20 of 3rd period - Stephen Weiss wins face-off versus Claude Giroux in Devils zone.
6:41 of 3rd period - Penalty to Evgeni Malkin is over, Evgeni Malkin is back on ice.
8:07 of 3rd period - Wrist shot by Radim Vrbata.
8:07 of 3rd period - Shot Blocked by Lubomir Visnovsky.
8:09 of 3rd period - Snap shot by Jason Arnott.
8:09 of 3rd period - Stopped by Marc-André Fleury without a rebound.
8:10 of 3rd period - Jason Arnott wins face-off versus Evgeni Malkin in Maple Leafs zone.
8:19 of 3rd period - Wrist shot by Guillaume Latendresse.
8:19 of 3rd period - Stopped by Marc-André Fleury with a rebound.
8:21 of 3rd period - Slapshot by Brad Ference.
8:21 of 3rd period - Stopped by Marc-André Fleury with a rebound.
8:23 of 3rd period - Wrist shot by Guillaume Latendresse.
8:23 of 3rd period - Shot Blocked by Braydon Coburn.
8:25 of 3rd period - Snap shot by Guillaume Latendresse.
8:25 of 3rd period - Stopped by Marc-André Fleury with a rebound.
8:44 of 3rd period - Slapshot by Brendan Morrison.
8:44 of 3rd period - Stopped by Viktor Fasth with a rebound.
8:54 of 3rd period - Minor Penalty to Vincent Lecavalier for Roughing.
8:55 of 3rd period - Evgeni Malkin wins face-off versus Jason Arnott in Devils zone.
9:09 of 3rd period - Icing by Alexander Frolov.
9:10 of 3rd period - Evgeni Malkin wins face-off versus Jason Arnott in Maple Leafs zone.
9:20 of 3rd period - Wrist shot by Evgeni Malkin.
9:20 of 3rd period - Stopped by Viktor Fasth with a rebound.
9:22 of 3rd period - Slapshot by Dion Phaneuf.
9:22 of 3rd period - Deflect By Jason Arnott.
9:22 of 3rd period - Stopped by Viktor Fasth without a rebound.
9:23 of 3rd period - Evgeni Malkin wins face-off versus Jason Arnott in Devils zone.
10:00 of 3rd period - Icing by Dion Phaneuf.
10:01 of 3rd period - Jason Arnott wins face-off versus Brendan Morrison in Maple Leafs zone.
10:29 of 3rd period - Off-side.
10:30 of 3rd period - Jason Arnott wins face-off versus Evgeni Malkin in neutral zone.
10:54 of 3rd period - Penalty to Vincent Lecavalier is over, Vincent Lecavalier is back on ice.
11:29 of 3rd period - Wrist shot by Stephen Weiss.
11:29 of 3rd period - Deflect By Ladislav Nagy.
11:29 of 3rd period - Stopped by Marc-André Fleury without a rebound.
11:30 of 3rd period - Stephen Weiss wins face-off versus Brendan Morrison in Maple Leafs zone.
11:51 of 3rd period - Wrist shot by Michael Frolik.
11:51 of 3rd period - Shot Misses the Net.
11:53 of 3rd period - Snap shot by Michael Frolik.
11:53 of 3rd period - Deflect By Stephen Weiss.
11:53 of 3rd period - Deflect By Brendan Morrison.
11:53 of 3rd period - Shot Misses the Net.
11:53 of 3rd period - Puck is out of play.
11:54 of 3rd period - Jason Arnott wins face-off versus Evgeni Malkin in Maple Leafs zone.
12:21 of 3rd period - Jason Arnott is hit by Rob Schremp and loses puck.
12:34 of 3rd period - Rob Schremp is hit by Guillaume Latendresse and loses puck.
12:45 of 3rd period - Wrist shot by Guillaume Latendresse.
12:45 of 3rd period - Shot Misses the Net.
12:47 of 3rd period - Slapshot by Mike Lundin.
12:47 of 3rd period - Shot Misses the Net.
12:49 of 3rd period - Snap shot by Ben Lovejoy.
12:49 of 3rd period - Shot Misses the Net.
13:03 of 3rd period - Backhand shot by Lubomir Visnovsky.
13:03 of 3rd period - Stopped by Viktor Fasth with a rebound.
13:09 of 3rd period - Braydon Coburn is hit by Guillaume Latendresse and loses puck.
13:14 of 3rd period - Snap shot by Guillaume Latendresse.
13:14 of 3rd period - Shot Blocked by Blake Comeau.
13:28 of 3rd period - Snap shot by Rob Schremp.
13:28 of 3rd period - Shot Misses the Net.
13:30 of 3rd period - Snap shot by Rob Schremp.
13:30 of 3rd period - Deflect By Blake Comeau.
13:30 of 3rd period - Stopped by Viktor Fasth without a rebound.
13:31 of 3rd period - Vincent Lecavalier wins face-off versus Evgeni Malkin in Devils zone.
13:56 of 3rd period - Mike Komisarek is hit by Taylor Chorney and loses puck.
14:31 of 3rd period - Slapshot by Maxim Afinogenov.
14:31 of 3rd period - Shot Misses the Net.
15:02 of 3rd period - Slapshot by Brad Ference.
15:02 of 3rd period - Shot Misses the Net.
16:12 of 3rd period - Minor Penalty to Rob Schremp for Holding.
16:13 of 3rd period - Claude Giroux wins face-off versus Stephen Weiss in Maple Leafs zone.
16:26 of 3rd period - Wrist shot by Michael Frolik.
16:26 of 3rd period - Shot Blocked by Dion Phaneuf.
16:28 of 3rd period - Slapshot by Matt Smaby.
16:28 of 3rd period - Shot Misses the Net.
17:59 of 3rd period - Blake Comeau is hit by Jason Arnott and loses puck.
18:12 of 3rd period - Penalty to Rob Schremp is over, Rob Schremp is back on ice.
18:19 of 3rd period - Jason Arnott is hit by Braydon Coburn and loses puck.
18:52 of 3rd period - Colby Armstrong is hit by Ladislav Nagy and loses puck.
19:22 of 3rd period - Off-side.
19:23 of 3rd period - Stephen Weiss wins face-off versus Matt Pettinger in neutral zone.
19:28 of 3rd period - Fabian Brunnstrom is hit by Chris Mcallister and loses puck.
19:42 of 3rd period - Icing by Radim Vrbata.
19:43 of 3rd period - Jason Arnott wins face-off versus Brendan Morrison in Devils zone.
Goals for this period are 0 for Maple Leafs vs 0 for Devils.
Shots for this period are 14 for Maple Leafs vs 10 for Devils.

Overtime #1


0:01 of 1st overtime period - Evgeni Malkin wins face-off versus Jason Arnott in neutral zone.
0:08 of 1st overtime period - Wrist shot by Dion Phaneuf.
0:08 of 1st overtime period - Deflect By Evgeni Malkin.
0:08 of 1st overtime period - Stopped by Viktor Fasth with a rebound.
0:15 of 1st overtime period - Jay Bouwmeester is hit by Taylor Chorney.
0:27 of 1st overtime period - Brendan Morrison is hit by Jay Bouwmeester and loses puck.
0:52 of 1st overtime period - Wrist shot by Alexander Frolov.
0:52 of 1st overtime period - Shot Blocked by Ladislav Nagy.
0:54 of 1st overtime period - Wrist shot by Justin Abdelkader.
0:54 of 1st overtime period - Deflect By Blake Comeau.
0:54 of 1st overtime period - Stopped by Viktor Fasth without a rebound.
0:55 of 1st overtime period - Rob Schremp wins face-off versus Jason Arnott in Devils zone.
1:00 of 1st overtime period - Snap shot by Rob Schremp.
1:00 of 1st overtime period - Stopped by Viktor Fasth with a rebound.
1:22 of 1st overtime period - Wrist shot by Blake Comeau.
1:22 of 1st overtime period - Goal by Blake Comeau - Maple Leafs : 3 - Devils : 2.
Goals for this period are 1 for Maple Leafs vs 0 for Devils.
Shots for this period are 4 for Maple Leafs vs 0 for Devils.


Output by the SimonT Hockey Simulator (STHS) for François Prévost -- Original Page W3C XHTML 1.0 Valid
Hockey Simulator - Hockey Simulation - Hockey Manager